SAAA
NOLENSVILLE KNIGHTS @ VERMONT LAKE MONSTERS
07/27/2041
 
TOP OF THE 1ST
Nolensville Knights batting - Pitching for Vermont Lake Monsters : RHP Kee Bao
Pitching: RHP Kee Bao
Batting: LHB Ánibal Leobardo 0-0: Ball
1-0: Fly out, F5 (Line Drive, 5, EV 70.6 MPH)
Batting: LHB Jorge Mateu 0-0: SINGLE (Line Drive, 8LS, EV 86.9 MPH)
Batting: LHB Juan Jimínez 0-0: Ball
1-0: Fly out, F8 (Flyball, 8RD, EV 92.5 MPH)
Batting: RHB Dale Goodman 0-0: Foul Ball, location: 2F
0-1: Swinging Strike
0-2: Ball
1-2: Ball
2-2: Foul Ball, location: 2F
2-2: Foul Ball, location: 2F
2-2: Strikes out looking
Top of the 1st over - 0 runs, 1 hit, 0 errors, 1 left on base; Nolensville 0 - Vermont 0
BOTTOM OF THE 1ST
Vermont Lake Monsters batting - Pitching for Nolensville Knights : RHP Carlos Simon
Pitching: RHP Carlos Simon
Batting: RHB Tim O'Brian 0-0: Ground out 4-3 (Groundball, 4, EV 87.5 MPH)
Batting: RHB Frank Tatum 0-0: Fly out, F7 (Flyball, 7LD, EV 106.9 MPH)
Batting: SHB Senthamilselvi Manohoran 0-0: Foul Ball, location: 2F
0-1: Called Strike
0-2: SINGLE (Groundball, 13, EV 70.6 MPH) (infield hit)
Batting: LHB Todd Strachota 0-0: Foul Ball, location: 2F
0-1: Foul Ball, location: 2F
0-2: Ground out 1-3 (Groundball, 34S, EV 88.1 MPH)
Bottom of the 1st over - 0 runs, 1 hit, 0 errors, 1 left on base; Nolensville 0 - Vermont 0
TOP OF THE 2ND
Nolensville Knights batting - Pitching for Vermont Lake Monsters : RHP Kee Bao
Batting: RHB Ace Felder 0-0: Called Strike
0-1: Foul Ball, location: 2F
0-2: Fly out, F9 (Flyball, 9S, EV 79.4 MPH)
Batting: RHB Carlos Garza 0-0: Foul Ball, location: 2F
0-1: Foul Ball, location: 2F
0-2: Foul Ball, location: 2F
0-2: Ball
1-2: Ball
2-2: Fly out, F9 (Flyball, 89S, EV 85.6 MPH)
Batting: RHB Pat Kramer 0-0: Ball
1-0: Ball
2-0: Ball
3-0: Called Strike
3-1: Called Strike
3-2: Base on Balls
Batting: RHB Juan Perales 0-0: Foul Ball, location: 2F
0-1: Fly out, F8 (Flyball, 78D, EV 101.9 MPH)
Top of the 2nd over - 0 runs, 0 hits, 0 errors, 1 left on base; Nolensville 0 - Vermont 0
BOTTOM OF THE 2ND
Vermont Lake Monsters batting - Pitching for Nolensville Knights : RHP Carlos Simon
Batting: RHB Sincere Wushon David 0-0: Called Strike
0-1: Ball
1-1: Ball
2-1: Foul Ball, location: 2F
2-2: Foul Ball, location: 2F
2-2: Fly out, F8 (Line Drive, 8RD, EV 90.0 MPH)
Batting: RHB Dusty Crum 0-0: Called Strike
0-1: Called Strike
0-2: SINGLE (Flyball, 5D, EV 83.1 MPH)
Batting: RHB Wally Hill 0-0: Swinging Strike
0-1: Ball
1-1: Swinging Strike
1-2: Foul Ball, location: 2F
1-2: Strikes out looking
Batting: RHB Cord Hosenbeck 0-0: Ball
1-0: Ball
2-0: Fly out, F7 (Flyball, 7S, EV 86.9 MPH)
Bottom of the 2nd over - 0 runs, 1 hit, 0 errors, 1 left on base; Nolensville 0 - Vermont 0
TOP OF THE 3RD
Nolensville Knights batting - Pitching for Vermont Lake Monsters : RHP Kee Bao
Batting: RHB Jiao-long Xú 0-0: Foul Ball, location: 2F
0-1: Ball
1-1: Ball
2-1: Fly out, F8 (Flyball, 8RS, EV 82.5 MPH)
Batting: LHB Ánibal Leobardo 0-0: Ball
1-0: Fly out, F8 (Line Drive, 8LD, EV 93.8 MPH)
Batting: LHB Jorge Mateu 0-0: Foul Ball, location: 2F
0-1: Swinging Strike
0-2: Ball
1-2: Ball
2-2: DOUBLE (Line Drive, 5D, EV 93.8 MPH)
Batting: LHB Juan Jimínez 0-0: Ball
1-0: Foul Ball, location: 2F
1-1: SINGLE (Groundball, 34D, EV 99.4 MPH)
Jorge Mateu to third
Runner from 3rd tries for Home, SAFE, no throw by RF
Batting: RHB Dale Goodman 0-0: Ball
1-0: Ball
2-0: Foul Ball, location: 2F
2-1: Fly out, F8 (Flyball, 8RXD, EV 94.4 MPH)
Top of the 3rd over - 1 run, 2 hits, 0 errors, 1 left on base; Nolensville 1 - Vermont 0
BOTTOM OF THE 3RD
Vermont Lake Monsters batting - Pitching for Nolensville Knights : RHP Carlos Simon
Batting: SHB Junya Furuya 0-0: Ball
1-0: Ball
2-0: Called Strike
2-1: Foul Ball, location: 2F
2-2: Foul Ball, location: 2F
2-2: Foul Ball, location: 2F
2-2: Foul Ball, location: 2F
2-2: Strikes out swinging
Batting: RHB Tim O'Brian 0-0: Ball
1-0: Swinging Strike
1-1: Ball
2-1: Called Strike
2-2: Ball
3-2: Base on Balls
Batting: RHB Frank Tatum 0-0: Fielders Choice at 2nd, 6-4 (Groundball, 6S, EV 90.6 MPH)
Batting: SHB Senthamilselvi Manohoran 0-0: Ball
1-0: Called Strike
1-1: Ball
2-1: Foul Ball, location: 2F
2-2: SINGLE (Groundball, 15S, EV 68.1 MPH) (infield hit)
Frank Tatum to second
Batting: LHB Todd Strachota 0-0: Ball
1-0: Foul Ball, location: 2F
1-1: Ball
2-1: Ball
3-1: Foul Ball, location: 2F
3-2: Strikes out swinging
Bottom of the 3rd over - 0 runs, 1 hit, 0 errors, 2 left on base; Nolensville 1 - Vermont 0
TOP OF THE 4TH
Nolensville Knights batting - Pitching for Vermont Lake Monsters : RHP Kee Bao
Batting: RHB Ace Felder 0-0: Foul Ball, location: 2F
0-1: Ball
1-1: Ball
2-1: Ball
3-1: Swinging Strike
3-2: Base on Balls
Batting: RHB Carlos Garza 0-0: Ball
1-0: Called Strike
1-1: Foul Ball, location: 2F
1-2: Foul Ball, location: 2F
1-2: Strikes out swinging
Batting: RHB Pat Kramer 0-0: Foul Ball, location: 2F
0-1: Foul Ball, location: 2F
0-2: SINGLE (Line Drive, 6M, EV 108.1 MPH)
Ace Felder to second
Batting: RHB Juan Perales 0-0: Called Strike
0-1: Ball
1-1: Foul Ball, location: 2F
1-2: SINGLE (Line Drive, 5D, EV 96.2 MPH)
Ace Felder to third
Pat Kramer to second
Runner from 3rd tries for Home, SAFE, throw by LF to home
Batting: RHB Jiao-long Xú 0-0: Ball
1-0: Grounds into double play, 6-4-3 (Groundball, 6MD, EV 85.6 MPH)
Top of the 4th over - 1 run, 2 hits, 0 errors, 1 left on base; Nolensville 2 - Vermont 0
BOTTOM OF THE 4TH
Vermont Lake Monsters batting - Pitching for Nolensville Knights : RHP Carlos Simon
Batting: RHB Sincere Wushon David 0-0: Ball
1-0: Swinging Strike
1-1: Ground out 6-3 (Groundball, 6, EV 104.4 MPH)
Batting: RHB Dusty Crum 0-0: Called Strike
0-1: Called Strike
0-2: Ball
1-2: Ball
2-2: Ball
3-2: Strikes out swinging
Batting: RHB Wally Hill 0-0: Ground out 4-3 (Groundball, 4, EV 98.8 MPH)
Bottom of the 4th over - 0 runs, 0 hits, 0 errors, 0 left on base; Nolensville 2 - Vermont 0
TOP OF THE 5TH
Nolensville Knights batting - Pitching for Vermont Lake Monsters : RHP Kee Bao
Batting: LHB Ánibal Leobardo 0-0: Ball
1-0: Ball
2-0: Fly out, F8 (Flyball, 89D, EV 83.1 MPH)
Batting: LHB Jorge Mateu 0-0: Ball
1-0: TRIPLE (Flyball, 78XD, EV 92.5 MPH)
Batting: LHB Juan Jimínez 0-0: Swinging Strike
0-1: Ball
1-1: Ball
2-1: Ground out 4-3 (Groundball, 34, EV 93.8 MPH)
Jorge Mateu scores
Batting: RHB Dale Goodman 0-0: Ball
1-0: Called Strike
1-1: Ball
2-1: Ball
3-1: Fly out, F5 (Line Drive, 5, EV 63.1 MPH)
Top of the 5th over - 1 run, 1 hit, 0 errors, 0 left on base; Nolensville 3 - Vermont 0
BOTTOM OF THE 5TH
Vermont Lake Monsters batting - Pitching for Nolensville Knights : RHP Carlos Simon
Batting: RHB Cord Hosenbeck 0-0: Called Strike
0-1: Called Strike
0-2: Ball
1-2: SINGLE (Groundball, 4D, EV 96.2 MPH)
Batting: SHB Junya Furuya 0-0: Sac Bunt to 15S - play at first, batter OUT! 1-3
Cord Hosenbeck to second
Batting: RHB Tim O'Brian 0-0: Called Strike
0-1: Ball
1-1: Reached on error, E3 (Groundball, 3S, EV 78.1 MPH)
Cord Hosenbeck scores
Batting: RHB Frank Tatum 0-0: Fly out, F7 (Flyball, 7D, EV 95.0 MPH)
Batting: SHB Senthamilselvi Manohoran 0-0: Called Strike
0-1: Ball
1-1: Foul Ball, location: 2F
1-2: Fly out, F9 (Flyball, 9LM, EV 86.2 MPH)
Bottom of the 5th over - 1 run, 1 hit, 1 error, 1 left on base; Nolensville 3 - Vermont 1
TOP OF THE 6TH
Nolensville Knights batting - Pitching for Vermont Lake Monsters : RHP Kee Bao
Batting: RHB Ace Felder 0-0: Hit by Pitch
Pinch Runner at 1st Greg Bugarin:
Batting: RHB Carlos Garza 0-0: Bunted foul
0-1: Ball
1-1: Sac Bunt to 3S - play at first, batter OUT! 3-1
Greg Bugarin to second
Batting: RHB Pat Kramer 0-0: Ball
1-0: Ball
2-0: SINGLE (Line Drive, 4D, EV 95.6 MPH)
Greg Bugarin to third
Batting: RHB Juan Perales 0-0: Ball
1-0: Foul Ball, location: 2F
1-1: Ball
2-1: Ground out 5-3 (Groundball, 5S, EV 65.0 MPH)
Pat Kramer to second
Batting: RHB Jiao-long Xú 0-0: Ball
Wild Pitch!
Greg Bugarin scores
Pat Kramer to third
1-0: 2-RUN HOME RUN (Flyball, 7D, EV 108.1 MPH), Distance : 380 ft
Pitching: RHP Maximiano Agostinho
Batting: LHB Ánibal Leobardo 0-0: Ball
1-0: Swinging Strike
1-1: Ball
2-1: Foul Ball, location: 2F
2-2: Foul Ball, location: 2F
2-2: Ball
3-2: Ground out 5-3 (Groundball, 5, EV 103.1 MPH)
Top of the 6th over - 3 runs, 2 hits, 0 errors, 0 left on base; Nolensville 6 - Vermont 1
BOTTOM OF THE 6TH
Vermont Lake Monsters batting - Pitching for Nolensville Knights : RHP Carlos Simon
Now at C: Gidde Collin
Batting: LHB Todd Strachota 0-0: Called Strike
0-1: Called Strike
0-2: Strikes out swinging
Batting: RHB Sincere Wushon David 0-0: Called Strike
0-1: Fly out, F8 (Flyball, 78D, EV 97.5 MPH)
Batting: RHB Dusty Crum 0-0: Ball
1-0: Called Strike
1-1: Foul Ball, location: 2F
1-2: Fly out, F9 (Flyball, 9D, EV 99.4 MPH)
Bottom of the 6th over - 0 runs, 0 hits, 0 errors, 0 left on base; Nolensville 6 - Vermont 1
TOP OF THE 7TH
Nolensville Knights batting - Pitching for Vermont Lake Monsters : RHP Maximiano Agostinho
Batting: LHB Jorge Mateu 0-0: Fly out, F7 (Flyball, 78M, EV 88.1 MPH)
Batting: LHB Juan Jimínez 0-0: Called Strike
0-1: Ball
1-1: Ball
2-1: Foul Ball, location: 2F
2-2: Strikes out looking
Batting: RHB Dale Goodman 0-0: Ball
1-0: Ball
2-0: Foul Ball, location: 2F
2-1: Called Strike
2-2: Foul Ball, location: 2F
2-2: Foul Ball, location: 2F
2-2: Foul Ball, location: 2F
2-2: Strikes out swinging
Top of the 7th over - 0 runs, 0 hits, 0 errors, 0 left on base; Nolensville 6 - Vermont 1
BOTTOM OF THE 7TH
Vermont Lake Monsters batting - Pitching for Nolensville Knights : RHP Carlos Simon
Batting: RHB Wally Hill 0-0: Ball
1-0: Called Strike
1-1: Ground out 1-3 (Groundball, 34S, EV 76.9 MPH)
Batting: RHB Cord Hosenbeck 0-0: Foul Ball, location: 2F
0-1: Fly out, F9 (Flyball, 89D, EV 78.8 MPH)
Batting: SHB Junya Furuya 0-0: Ball
1-0: Swinging Strike
1-1: Foul Ball, location: 2F
1-2: Foul Ball, location: 2F
1-2: Strikes out swinging
Bottom of the 7th over - 0 runs, 0 hits, 0 errors, 0 left on base; Nolensville 6 - Vermont 1
TOP OF THE 8TH
Nolensville Knights batting - Pitching for Vermont Lake Monsters : RHP Maximiano Agostinho
Batting: LHB Gidde Collin 0-0: Foul Ball, location: 2F
0-1: Swinging Strike
0-2: Strikes out looking
Batting: RHB Carlos Garza 0-0: Ball
1-0: Called Strike
1-1: Ball
2-1: Swinging Strike
2-2: Ground out U3 (Groundball, 34, EV 78.8 MPH)
Batting: RHB Pat Kramer 0-0: Ball
1-0: Ball
2-0: Ball
3-0: Base on Balls
Batting: RHB Juan Perales 0-0: Ball
1-0: Ground out 4-3 (Groundball, 4, EV 105.0 MPH)
Top of the 8th over - 0 runs, 0 hits, 0 errors, 1 left on base; Nolensville 6 - Vermont 1
BOTTOM OF THE 8TH
Vermont Lake Monsters batting - Pitching for Nolensville Knights : RHP Carlos Simon
Pitching: LHP Ken French
Batting: RHB Tim O'Brian 0-0: Ball
1-0: Called Strike
1-1: Foul Ball, location: 2F
1-2: Strikes out swinging
Batting: RHB Frank Tatum 0-0: Foul Ball, location: 2F
0-1: Called Strike
0-2: Foul Ball, location: 2F
0-2: Ball
1-2: Foul Ball, location: 2F
1-2: Ball
2-2: Ball
3-2: Base on Balls
Batting: SHB Senthamilselvi Manohoran 0-0: Ball
1-0: Foul Ball, location: 2F
1-1: Called Strike
1-2: Ball
Wild Pitch!
Frank Tatum to second
2-2: Strikes out looking
Batting: LHB Todd Strachota 0-0: Called Strike
0-1: Ball
1-1: Called Strike
1-2: Fly out, F9 (Flyball, 89S, EV 89.4 MPH)
Bottom of the 8th over - 0 runs, 0 hits, 0 errors, 1 left on base; Nolensville 6 - Vermont 1
TOP OF THE 9TH
Nolensville Knights batting - Pitching for Vermont Lake Monsters : RHP Maximiano Agostinho
Batting: RHB Jiao-long Xú 0-0: Ball
1-0: Ball
2-0: Ball
3-0: Called Strike
3-1: Fly out, F8 (Flyball, 8RS, EV 93.1 MPH)
Batting: LHB Ánibal Leobardo 0-0: Called Strike
0-1: Ball
1-1: Called Strike
1-2: Ball
2-2: Strikes out looking
Batting: LHB Jorge Mateu 0-0: Called Strike
0-1: Foul Ball, location: 2F
0-2: Ball
1-2: Fly out, F7 (Line Drive, 7D, EV 94.4 MPH)
Top of the 9th over - 0 runs, 0 hits, 0 errors, 0 left on base; Nolensville 6 - Vermont 1
BOTTOM OF THE 9TH
Vermont Lake Monsters batting - Pitching for Nolensville Knights : LHP Ken French
Batting: RHB Sincere Wushon David 0-0: Ball
1-0: Ball
2-0: Fly out, F8 (Flyball, 8RS, EV 81.9 MPH)
Batting: RHB Dusty Crum 0-0: DOUBLE (Line Drive, 8RXD, EV 107.5 MPH) - OUT at third base trying to stretch hit.
Batting: RHB Wally Hill 0-0: Ground out 4-3 (Groundball, 4, EV 91.2 MPH)
Bottom of the 9th over - 0 runs, 1 hit, 0 errors, 0 left on base; Nolensville 6 - Vermont 1
Tuesday, January 5th, 2021 - OOTP Baseball 20.8 Build 74